 Dungeon Crawl Stone Soup version 0.30.1-1-g62c8e00024 (webtiles) character file.

Game seed: 1972713453913983969

51 Ijustatesigmund the Digger (level 3, -1/21 HPs)
             Began as a Gargoyle Earth Elementalist on July 14, 2023.
             Slain by an iguana (8 damage)
             ... on level 3 of the Dungeon.
             The game lasted 00:01:47 (1261 turns).

Ijustatesigmund the Digger (GrEE)                   Turns: 1261, Time: 00:01:47

Health: -1/21      AC:  5    Str: 11    XL:     3   Next: 83%
Magic:  4/7        EV: 11    Int: 17    God:
Gold:   31         SH:  0    Dex: 10    Spells: 6/7 levels left

rFire   . . .        h - +2 dagger (venom)
rCold   . . .        (no shield)
rNeg    + . .        a - +0 robe
rPois   ∞            (no helmet)
rElec   +            (no cloak)
rCorr   .            (no gloves)
SInv    .            (no boots)
Will    .....        (no amulet)
Stlth   ++           (no ring)
HPRegen 0.23/turn    (no ring)
MPRegen 0.10/turn

%: no passive effects
@: very slightly contaminated
A: sickness immunity, AC +3, negative energy resistance 1, electricity
resistance, torment resistance 1, petrification resistance
a: no special abilities


You were on level 3 of the Dungeon.
You visited 1 branch of the dungeon, and saw 3 of its levels.

You collected 31 gold pieces.

Inventory:

Hand Weapons
 f - a +1 antimagic war axe
 h - a +2 dagger of venom (weapon)
Armour
 a - a +0 robe (worn)
Scrolls
 c - 3 scrolls of identify {unknown}
 d - a scroll of butterflies {unknown}
Potions
 b - a potion of magic
 e - a potion of haste {unknown}
 g - 2 potions of curing {unknown}


   Skills:
 + Level 1.9 Fighting
 - Level 1.5 Dodging
 - Level 2.1 Stealth
 + Level 2.6 Spellcasting
 - Level 0.7 Transmutations
 + Level 4.4 Earth Magic


You had 6 spell levels left.
You knew the following spells:

 Your Spells              Type           Power      Damage    Failure   Level
a - Sandblast             Erth           34%        2d9       3%          1

Your spell library contained the following spells:

 Spells                   Type           Power      Damage    Failure   Level
 Passwall                 Tmut/Erth      9%         N/A       10%         2
 Stone Arrow              Conj/Erth      18%        3d8       22%         3
 Dazzling Flash           Conj/Hex       4%         N/A       50%         3
 Volatile Blastmotes      Fire/Tloc      4%         2d10      50%         3
 Petrify                  Tmut/Erth      11%        N/A       54%         4
 Iskenderun's Mystic Bla  Conj/Tloc      2%         2d3       88%         4
 Agony                    Necr           2%         N/A       99%         5
 Silence                  Hex/Air        1%         N/A       99%         5
 Starburst                Conj/Fire      1%         6d3       100%        6


Dungeon Overview and Level Annotations

Branches:
Dungeon (3/15)

Altars:

Annotations:
D:2 Terence
D:3 Robin


Innate Abilities, Weirdness & Mutations

You are immune to sickness and miasma.
Your stone body is resilient. (AC +3)
You are immune to poison.
You resist negative energy. (rN+)
You are resistant to electric shocks. (rElec)
You are resistant to unholy torment.
You are immune to petrification.


Message History

No target in view!
Things that are here:
a +0 club; a goblin corpse An iguana comes into view.
The iguana hisses angrily.
You hear a shout!
Robin of the Strong Arm comes into view.
They are wielding a +0 whip.
You hear a shout!
Robin says, "My army is invincible!"
Things that are here:
a +0 club; a goblin corpse
Casting: Sandblast (safe; 3% risk of failure)
Confirm with . or Enter, or press ? or * to list all spells.
Aiming: Sandblast (safe; 3% risk of failure)
Press: ? - help, Shift-Dir - straight line, f - iguana
Aim: an iguana (84% to hit)
The blast of sand hits the iguana but does no damage.
The iguana bites you but does no damage.
Casting: Sandblast (safe; 3% risk of failure)
Confirm with . or Enter, or press ? or * to list all spells.
Aiming: Sandblast (safe; 3% risk of failure)
Press: ? - help, Shift-Dir - straight line, f/p - iguana
Aim: an iguana (84% to hit)
You miscast Sandblast.
You are very lightly contaminated with residual magic.
Nothing appears to happen.
The iguana barely misses you.
Robin roars a battlecry!
The goblin goes into a battle-frenzy!
You hear a shout!
You hear a shout!
Robin throws the goblin at you! The goblin hits you with a +0 club.
You barely miss the goblin. The iguana closely misses you.
The goblin completely misses you.
You hit the goblin.
You kill the goblin!
The iguana bites you! The iguana attacks as you move away!
The iguana bites you.
Robin drinks a potion.
Robin suddenly seems more resistant.
You see here a +0 club.
The iguana attacks as you move away! The iguana bites you!
You die...

..# #.#
..## ##g.
#.)g #..#
#..#
#..#######
#...g.l@<#
#.########
#. #. #.
.. ##


You could see an iguana and Robin (resistant).

Vanquished Creatures
  2 adders (D:2)
  2 dart slugs (D:1)
  2 bats
  3 endoplasms (D:1)
  7 goblins
  2 quokkas
  4 ball pythons (D:1)
  2 frilled lizards (D:1)
  4 kobolds (D:1)
  2 rats
30 creatures vanquished.

Notes
Turn   | Place    | Note
-------+----------+-------------------------------------------
     0 | D:1      | Ijustatesigmund the Gargoyle Earth Elementalist began the
                  | quest for the Orb.
     0 | D:1      | Reached XP level 1. HP: 10/10 MP: 3/3
   167 | D:1      | Reached XP level 2. HP: 16/16 MP: 3/5
   274 | D:1      | Reached skill level 1 in Fighting
   277 | D:1      | Reached skill level 4 in Earth Magic
   593 | D:1      | Reached XP level 3. HP: 20/20 MP: 3/6
  1057 | D:2      | Noticed Terence
  1251 | D:3      | Noticed Robin
  1261 | D:3      | Slain by an iguana

Illustrated notes

Levels and vault maps discovered:
D:1:      lemuel_arrival_rhombus, layout_basic
D:2:      layout_basic, serial_shops, shop_fountains, uniq_terence
D:3:      minmay_recursive_quarters, layout_basic, nrook_loot_triangle,
          uniq_robin

Skill      XL: |  1  2 |
---------------+-------+-----
Fighting       | 1 |  1.9
Earth Magic    | 4 |  4.4
Dodging        | |  1.5
Stealth        | |  2.1
Spellcasting   | |  2.6
Transmutations | |  0.7

Action                     || total
---------------------------++-------
  Melee: Dagger            ||    25
   Cast: Sandblast         ||    34
 Armour: Robe              ||    12
  Dodge: Dodged            ||    23
